| TOP OF THE 1ST |
|
Indianapolis Indians batting - Pitching for Gwinnett Braves : LHP Kyle Foster
|
|
Pitching: LHP Kyle Foster
|
|
|
Batting: RHB Luis Ramos
|
0-0: Foul Ball, location: 2F 0-1: Swinging Strike 0-2: Ball 1-2: Foul Ball, location: 2F 1-2: Foul Ball, location: 2F 1-2: Strikes out swinging
|
|
Batting: RHB Isaiah Yarbrough
|
0-0: Called Strike 0-1: Ball 1-1: Swinging Strike 1-2: Ball 2-2: Foul Ball, location: 2F 2-2: SINGLE (Groundball, 56S, EV 70.6 MPH) (infield hit)
|
|
Batting: LHB Marc Carter
|
0-0: Fielders Choice at 2nd, 6-4 (Groundball, 6MS, EV 81.9 MPH)
|
|
Batting: RHB Adam Kaeser
|
0-0: SINGLE (Line Drive, 9S, EV 106.9 MPH) Marc Carter to second
|
|
Batting: RHB Richard Barrios
|
0-0: Ground out 5-3 (Groundball, 56S, EV 84.4 MPH)
|
| Top of the 1st over - 0 runs, 2 hits, 0 errors, 2 left on base; Indianapolis 0 - Gwinnett 0 |
| BOTTOM OF THE 1ST |
|
Gwinnett Braves batting - Pitching for Indianapolis Indians : RHP Antonio Alvarez
|
|
Pitching: RHP Antonio Alvarez
|
|
|
Batting: RHB Nate Taylor
|
0-0: Ball 1-0: Ball 2-0: Foul Ball, location: 2F 2-1: Foul Ball, location: 2F 2-2: Ball 3-2: Strikes out looking
|
|
Batting: LHB Chris Locklear
|
0-0: Called Strike 0-1: Called Strike 0-2: Strikes out swinging
|
|
Batting: SHB Bob Morales
|
0-0: Ball 1-0: Fly out, F8 (Flyball, 8RM, EV 91.9 MPH)
|
| Bottom of the 1st over - 0 runs, 0 hits, 0 errors, 0 left on base; Indianapolis 0 - Gwinnett 0 |
| TOP OF THE 2ND |
|
Indianapolis Indians batting - Pitching for Gwinnett Braves : LHP Kyle Foster
|
|
Batting: RHB Caleb Russell
|
0-0: Ground out 5-3 (Groundball, 56, EV 105.0 MPH)
|
|
Batting: RHB Matt Keef
|
0-0: SINGLE (Groundball, 56D, EV 98.1 MPH)
|
|
Batting: LHB Edwin Aguilar
|
0-0: Fielders Choice at 2nd, 4-6 (Groundball, 3, EV 108.8 MPH)
|
|
Batting: RHB Slamet Pamungkas
|
0-0: Called Strike 0-1: Ball 1-1: Ball 2-1: Ball 3-1: Foul Ball, location: 2F 3-2: Strikes out looking
|
| Top of the 2nd over - 0 runs, 1 hit, 0 errors, 1 left on base; Indianapolis 0 - Gwinnett 0 |
| BOTTOM OF THE 2ND |
|
Gwinnett Braves batting - Pitching for Indianapolis Indians : RHP Antonio Alvarez
|
|
Batting: LHB David Bramble
|
0-0: Foul Ball, location: 2F 0-1: Swinging Strike 0-2: Ball 1-2: Foul Ball, location: 2F 1-2: Ball 2-2: Ball 3-2: Foul Ball, location: 2F 3-2: Base on Balls
|
|
Batting: SHB Brian Bagley
|
0-0: Fly out, F8 (Flyball, 8RD, EV 103.8 MPH)
|
|
Batting: RHB Alex Munoz
|
0-0: Foul Ball, location: 2F 0-1: Ball David Bramble steals 2nd base 1-1: Foul Ball, location: 2F 1-2: Fly out, F8 (Flyball, 8LM, EV 93.8 MPH)
|
|
Batting: RHB John Peterson
|
0-0: Ball 1-0: Foul Ball, location: 2F 1-1: Foul Ball, location: 2F 1-2: SINGLE (Groundball, 6, EV 93.8 MPH) David Bramble to third Runner from 3rd tries for Home, throw by CF and OUT! 8-2
|
| Bottom of the 2nd over - 0 runs, 1 hit, 0 errors, 1 left on base; Indianapolis 0 - Gwinnett 0 |
| TOP OF THE 3RD |
|
Indianapolis Indians batting - Pitching for Gwinnett Braves : LHP Kyle Foster
|
|
Batting: RHB Luis Ramos
|
0-0: Ball 1-0: Swinging Strike 1-1: Ball 2-1: Ground out U3 (Groundball, 3L, EV 81.2 MPH)
|
|
Batting: RHB Isaiah Yarbrough
|
0-0: SINGLE (Groundball, 6D, EV 107.5 MPH)
|
|
Batting: LHB Marc Carter
|
0-0: Called Strike Isaiah Yarbrough steals 2nd base (no throw) 0-1: Swinging Strike 0-2: Strikes out swinging
|
|
Batting: RHB Adam Kaeser
|
0-0: Called Strike 0-1: Ball 1-1: Ground out 4-3 (Groundball, 4, EV 92.5 MPH)
|
| Top of the 3rd over - 0 runs, 1 hit, 0 errors, 1 left on base; Indianapolis 0 - Gwinnett 0 |
| BOTTOM OF THE 3RD |
|
Gwinnett Braves batting - Pitching for Indianapolis Indians : RHP Antonio Alvarez
|
|
Batting: LHB Fred Arends
|
0-0: Fly out, F7 (Line Drive, 7, EV 86.2 MPH)
|
|
Batting: RHB Mike Meeker
|
0-0: Ball 1-0: Called Strike 1-1: Ball 2-1: Fly out, F9 (Flyball, 89S, EV 88.8 MPH)
|
|
Batting: RHB Nate Taylor
|
0-0: Foul Ball, location: 2F 0-1: Ball 1-1: Foul Ball, location: 2F 1-2: Strikes out looking
|
| Bottom of the 3rd over - 0 runs, 0 hits, 0 errors, 0 left on base; Indianapolis 0 - Gwinnett 0 |
| TOP OF THE 4TH |
|
Indianapolis Indians batting - Pitching for Gwinnett Braves : LHP Kyle Foster
|
|
Batting: RHB Richard Barrios
|
0-0: Fly out, F8 (Flyball, 8LM, EV 86.2 MPH)
|
|
Batting: RHB Caleb Russell
|
0-0: Ball 1-0: Ball 2-0: Fly out, F9 (Flyball, 9S, EV 95.0 MPH)
|
|
Batting: RHB Matt Keef
|
0-0: Ball 1-0: Ball 2-0: Ground out 5-3 (Groundball, 56S, EV 70.0 MPH)
|
| Top of the 4th over - 0 runs, 0 hits, 0 errors, 0 left on base; Indianapolis 0 - Gwinnett 0 |
| BOTTOM OF THE 4TH |
|
Gwinnett Braves batting - Pitching for Indianapolis Indians : RHP Antonio Alvarez
|
|
Batting: LHB Chris Locklear
|
0-0: Called Strike 0-1: Bunt missed! 0-2: Ball 1-2: SINGLE (Line Drive, 89S, EV 93.1 MPH)
|
|
Batting: SHB Bob Morales
|
0-0: Ball Chris Locklear steals 2nd base 1-0: Ball 2-0: Fly out, F8 (Flyball, 8LM, EV 73.8 MPH)
|
|
Batting: LHB David Bramble
|
0-0: Ball 1-0: Fly out, F3 (Line Drive, 3L, EV 70.6 MPH)
|
|
Batting: SHB Brian Bagley
|
0-0: Foul Ball, location: 2F 0-1: DOUBLE (Flyball, 8LXD, EV 106.2 MPH) Chris Locklear scores
|
|
Pinch Runner at 2nd Ivan Ramirez:
|
|
|
Batting: RHB Alex Munoz
|
0-0: Ball 1-0: Ground out 6-3 (Groundball, 6, EV 82.5 MPH)
|
| Bottom of the 4th over - 1 run, 2 hits, 0 errors, 1 left on base; Indianapolis 0 - Gwinnett 1 |
| TOP OF THE 5TH |
|
Indianapolis Indians batting - Pitching for Gwinnett Braves : LHP Kyle Foster
|
|
Now at 1B: Ivan Ramirez
|
|
|
Batting: LHB Edwin Aguilar
|
0-0: Ball 1-0: Ground out 4-3 (Groundball, 4, EV 81.2 MPH)
|
|
Batting: RHB Slamet Pamungkas
|
0-0: Called Strike 0-1: Ball 1-1: Ground out 4-3 (Groundball, 4, EV 81.2 MPH)
|
|
Batting: RHB Luis Ramos
|
0-0: Foul Ball, location: 2F 0-1: Ball 1-1: Ground out 6-3 (Groundball, 6, EV 106.9 MPH)
|
| Top of the 5th over - 0 runs, 0 hits, 0 errors, 0 left on base; Indianapolis 0 - Gwinnett 1 |
| BOTTOM OF THE 5TH |
|
Gwinnett Braves batting - Pitching for Indianapolis Indians : RHP Antonio Alvarez
|
|
Batting: RHB John Peterson
|
0-0: Ground out 4-3 (Groundball, 4MD, EV 87.5 MPH)
|
|
Batting: LHB Fred Arends
|
0-0: Ball 1-0: Called Strike 1-1: Foul Ball, location: 2F 1-2: Foul Ball, location: 2F 1-2: Foul Ball, location: 2F 1-2: Foul Ball, location: 2F 1-2: Strikes out swinging
|
|
Batting: RHB Mike Meeker
|
0-0: SINGLE (Groundball, 6, EV 100.0 MPH)
|
|
Batting: RHB Nate Taylor
|
0-0: Fly out, F3 (Popup, 3S, EV 73.1 MPH)
|
| Bottom of the 5th over - 0 runs, 1 hit, 0 errors, 1 left on base; Indianapolis 0 - Gwinnett 1 |
| TOP OF THE 6TH |
|
Indianapolis Indians batting - Pitching for Gwinnett Braves : LHP Kyle Foster
|
|
Batting: RHB Isaiah Yarbrough
|
0-0: Ball 1-0: Ground out 5-3 (Groundball, 56, EV 90.0 MPH)
|
|
Batting: LHB Marc Carter
|
0-0: SOLO HOME RUN (Flyball, 9LD, EV 93.1 MPH), Distance : 349 ft
|
|
Batting: RHB Adam Kaeser
|
0-0: Ball 1-0: Called Strike 1-1: Foul Ball, location: 2F 1-2: Ball 2-2: Strikes out swinging
|
|
Batting: RHB Richard Barrios
|
0-0: Ball 1-0: Ground out 6-3 (Groundball, 6, EV 82.5 MPH)
|
| Top of the 6th over - 1 run, 1 hit, 0 errors, 0 left on base; Indianapolis 1 - Gwinnett 1 |
| BOTTOM OF THE 6TH |
|
Gwinnett Braves batting - Pitching for Indianapolis Indians : RHP Antonio Alvarez
|
|
Batting: LHB Chris Locklear
|
0-0: Ball 1-0: Foul Ball, location: 2F 1-1: DOUBLE (Line Drive, 89D, EV 109.4 MPH)
|
|
Batting: SHB Bob Morales
|
0-0: Ball 1-0: Ball 2-0: 2-RUN HOME RUN (Flyball, 8LXD, EV 103.8 MPH), Distance : 419 ft
|
|
Batting: LHB David Bramble
|
0-0: Foul Ball, location: 2F 0-1: Foul Ball, location: 2F 0-2: Strikes out swinging
|
|
Batting: RHB Ivan Ramirez
|
0-0: Ball 1-0: Swinging Strike 1-1: Swinging Strike 1-2: SOLO HOME RUN (Flyball, 78XD, EV 107.5 MPH), Distance : 421 ft
|
|
Batting: RHB Alex Munoz
|
0-0: Foul Ball, location: 2F 0-1: Swinging Strike 0-2: Ground out 5-3 (Groundball, 56, EV 90.0 MPH)
|
|
Batting: RHB John Peterson
|
0-0: Called Strike 0-1: Foul Ball, location: 2F 0-2: Ball 1-2: Strikes out swinging
|
| Bottom of the 6th over - 3 runs, 3 hits, 0 errors, 0 left on base; Indianapolis 1 - Gwinnett 4 |
| TOP OF THE 7TH |
|
Indianapolis Indians batting - Pitching for Gwinnett Braves : LHP Kyle Foster
|
|
Batting: RHB Caleb Russell
|
0-0: Called Strike 0-1: Ball 1-1: Fly out, F7 (Flyball, 7LS, EV 96.9 MPH)
|
|
Batting: RHB Matt Keef
|
0-0: Foul Ball, location: 2F 0-1: Called Strike 0-2: Foul Ball, location: 2F 0-2: Ball 1-2: Foul Ball, location: 2F 1-2: Ball 2-2: Foul Ball, location: 2F 2-2: Strikes out looking
|
|
Batting: LHB Edwin Aguilar
|
0-0: Ball 1-0: Called Strike 1-1: Foul Ball, location: 2F 1-2: Ball 2-2: SOLO HOME RUN (Flyball, 9D, EV 101.9 MPH), Distance : 373 ft
|
|
Batting: RHB Slamet Pamungkas
|
0-0: SINGLE (Line Drive, 4D, EV 97.5 MPH)
|
|
Batting: RHB Luis Ramos
|
0-0: Ball Slamet Pamungkas steals 2nd base 1-0: DOUBLE (Groundball, 3L, EV 101.2 MPH) Slamet Pamungkas scores
|
|
Batting: RHB Isaiah Yarbrough
|
0-0: Foul Ball, location: 2F 0-1: SINGLE (Groundball, 56S, EV 70.6 MPH) (infield hit) Luis Ramos to third
|
|
Batting: LHB Marc Carter
|
0-0: Ball 1-0: Foul Ball, location: 2F 1-1: Ground out U3 (Groundball, 3, EV 109.4 MPH)
|
| Top of the 7th over - 2 runs, 4 hits, 0 errors, 2 left on base; Indianapolis 3 - Gwinnett 4 |
| BOTTOM OF THE 7TH |
|
Gwinnett Braves batting - Pitching for Indianapolis Indians : RHP Antonio Alvarez
|
|
Batting: LHB Fred Arends
|
0-0: Ground out 4-3 (Groundball, 4, EV 89.4 MPH)
|
|
Batting: RHB Mike Meeker
|
0-0: Ball 1-0: Ground out 4-3 (Groundball, 4, EV 103.8 MPH)
|
|
Batting: RHB Nate Taylor
|
0-0: SINGLE (Groundball, 34D, EV 86.2 MPH) (infield hit)
|
|
Batting: LHB Chris Locklear
|
0-0: Ball Nate Taylor steals 2nd base 1-0: Ball 2-0: Called Strike 2-1: Foul Ball, location: 2F 2-2: Foul Ball, location: 2F 2-2: Ball 3-2: Foul Ball, location: 2F 3-2: Base on Balls
|
|
Batting: SHB Bob Morales
|
0-0: Swinging Strike Passed Ball! Nate Taylor to third Chris Locklear to second 0-1: Ball 1-1: Called Strike 1-2: Strikes out swinging
|
| Bottom of the 7th over - 0 runs, 1 hit, 0 errors, 2 left on base; Indianapolis 3 - Gwinnett 4 |
| TOP OF THE 8TH |
|
Indianapolis Indians batting - Pitching for Gwinnett Braves : LHP Kyle Foster
|
|
Batting: RHB Adam Kaeser
|
0-0: Ball 1-0: Ground out 6-3 (Groundball, 6, EV 85.6 MPH)
|
|
Batting: RHB Richard Barrios
|
0-0: Ball 1-0: Called Strike 1-1: Ground out 4-3 (Groundball, 4M, EV 106.2 MPH)
|
|
Batting: RHB Caleb Russell
|
0-0: Called Strike 0-1: Fly out, F4 (Popup, 4MD, EV 55.6 MPH)
|
| Top of the 8th over - 0 runs, 0 hits, 0 errors, 0 left on base; Indianapolis 3 - Gwinnett 4 |
| BOTTOM OF THE 8TH |
|
Gwinnett Braves batting - Pitching for Indianapolis Indians : RHP Antonio Alvarez
|
|
Batting: LHB David Bramble
|
0-0: Swinging Strike 0-1: Ball 1-1: Ball 2-1: Ball 3-1: SINGLE (Groundball, 4MD, EV 95.6 MPH)
|
|
Batting: RHB Ivan Ramirez
|
0-0: Ball 1-0: Ball 2-0: Swinging Strike 2-1: Swinging Strike 2-2: Ball 3-2: Strikes out swinging
|
|
Pitching: RHP Hugo Rodriguez
|
|
|
Batting: RHB Alex Munoz
|
0-0: Foul Ball, location: 2F 0-1: Foul Ball, location: 2F 0-2: Strikes out swinging
|
|
Batting: RHB John Peterson
|
0-0: Fielders Choice at 2nd, 5-4 (Groundball, 5, EV 95.0 MPH)
|
| Bottom of the 8th over - 0 runs, 1 hit, 0 errors, 1 left on base; Indianapolis 3 - Gwinnett 4 |
| TOP OF THE 9TH |
|
Indianapolis Indians batting - Pitching for Gwinnett Braves : LHP Kyle Foster
|
|
Pitching: RHP Chong-hun Park
|
|
|
Now in LF: Edgar Castillo
|
|
|
Batting: RHB Matt Keef
|
0-0: Called Strike 0-1: Ball 1-1: Ball 2-1: Foul Ball, location: 2F 2-2: Ball 3-2: SINGLE (Groundball, 56S, EV 69.4 MPH) (infield hit)
|
|
Batting: LHB Edwin Aguilar
|
0-0: Bunt missed! 0-1: Sac Bunt to 3S - play at first, batter OUT! 3-4 Matt Keef to second
|
|
Pinch Hitting: LHB Alberto Figueroa
|
0-0: Ball 1-0: Fly out, F8 (Flyball, 8LM, EV 82.5 MPH)
|
|
Batting: RHB Luis Ramos
|
0-0: Called Strike 0-1: Ball 1-1: Ball 2-1: DOUBLE (Line Drive, 7LS, EV 105.6 MPH) Matt Keef scores
|
|
Batting: RHB Isaiah Yarbrough
|
0-0: Called Strike 0-1: Called Strike 0-2: Foul Ball, location: 2F 0-2: Foul Ball, location: 2F 0-2: Foul Ball, location: 2F 0-2: Strikes out swinging
|
| Top of the 9th over - 1 run, 2 hits, 0 errors, 1 left on base; Indianapolis 4 - Gwinnett 4 |
| BOTTOM OF THE 9TH |
|
Gwinnett Braves batting - Pitching for Indianapolis Indians : RHP Hugo Rodriguez
|
|
Now at SS: Bubba Tierney
|
|
|
Batting: LHB Fred Arends
|
0-0: Ball 1-0: Called Strike 1-1: Ball 2-1: Called Strike 2-2: Ball 3-2: Ground out 4-3 (Groundball, 34, EV 87.5 MPH)
|
|
Pinch Hitting: LHB Mark Buchholz
|
0-0: Called Strike 0-1: Ball 1-1: Ball 2-1: Ball 3-1: Called Strike 3-2: Fly out, F9 (Flyball, 9, EV 80.6 MPH)
|
|
Batting: RHB Nate Taylor
|
0-0: Ground out U3 (Groundball, 34, EV 85.6 MPH)
|
| Bottom of the 9th over - 0 runs, 0 hits, 0 errors, 0 left on base; Indianapolis 4 - Gwinnett 4 |
| TOP OF THE 10TH |
|
Indianapolis Indians batting - Pitching for Gwinnett Braves : RHP Chong-hun Park
|
|
Now at 3B: Mark Buchholz
|
|
|
Batting: LHB Marc Carter
|
0-0: Foul Ball, location: 2F 0-1: SINGLE (Groundball, 4D, EV 103.1 MPH)
|
|
Batting: RHB Adam Kaeser
|
0-0: Ball 1-0: Ball 2-0: Fly out, F9 (Flyball, 9D, EV 83.1 MPH) Runner from 1st tags up, SAFE at 2nd
|
|
Batting: RHB Richard Barrios
|
0-0: Foul Ball, location: 2F 0-1: Swinging Strike 0-2: Ball 1-2: Ball 2-2: Strikes out swinging
|
|
Batting: RHB Caleb Russell
|
0-0: Intentional Walk
|
|
Batting: RHB Matt Keef
|
0-0: Ball 1-0: Foul Ball, location: 2F 1-1: Foul Ball, location: 2F 1-2: Ball 2-2: SINGLE (Groundball, 6MD, EV 105.0 MPH) Marc Carter to third Caleb Russell to second Runner from 3rd tries for Home, SAFE, throw by CF to home
|
|
Batting: LHB Edwin Aguilar
|
0-0: Ground out 5-3 (Groundball, 6, EV 101.9 MPH)
|
| Top of the 10th over - 1 run, 2 hits, 0 errors, 2 left on base; Indianapolis 5 - Gwinnett 4 |
| BOTTOM OF THE 10TH |
|
Gwinnett Braves batting - Pitching for Indianapolis Indians : RHP Hugo Rodriguez
|
|
Pitching: RHP Robby Poyfair
|
|
|
Batting: LHB Chris Locklear
|
0-0: Ground out 6-3 (Groundball, 6, EV 109.4 MPH)
|
|
Batting: SHB Bob Morales
|
0-0: Called Strike 0-1: SINGLE (Line Drive, 7LS, EV 94.4 MPH)
|
|
Batting: RHB Edgar Castillo
|
0-0: Ball 1-0: Foul Ball, location: 2F 1-1: Ball 2-1: Ball 3-1: Called Strike 3-2: Foul Ball, location: 2F 3-2: Strikes out swinging
|
|
Batting: RHB Ivan Ramirez
|
0-0: Foul Ball, location: 2F 0-1: Ball 1-1: 2-RUN HOME RUN (Flyball, 89XD, EV 102.5 MPH), Distance : 404 ft
|
| Bottom of the 10th over - 2 runs, 2 hits, 0 errors, 0 left on base; Indianapolis 5 - Gwinnett 6 |
|